 Dungeon Crawl Stone Soup version 0.23-a0-269-g65e0026 (webtiles) character file.

8119 DapperDogman the Peltast (level 11, -4/112 HPs)
             Began as a Minotaur Fighter on Oct 1, 2018.
             Slain by a demonic crawler (5 damage)
             ... on level 2 of the Lair of Beasts.
             The game lasted 00:20:10 (6422 turns).

DapperDogman the Peltast (Minotaur Fighter)         Turns: 6422, Time: 00:20:11

Health: -4/112     AC: 25    Str: 23    XL:     11   Next: 5%
Magic:  19/19      EV:  2    Int:  7    God:
Gold:   137        SH: 14    Dex: 10    Spells: 10/10 levels left

rFire    . . .     SeeInvis .   I - +5 flail of Hauzeo {drain, rN+ Str-3 Int+2 Stlth+}
rCold    . . .     Gourm    .   c - +0 shield
rNeg     + + +     Faith    +   (armour currently unavailable)
rPois    +         Spirit   .   (helmet currently unavailable)
rElec    .         Reflect  .   (cloak currently unavailable)
rCorr    .         Harm     .   (gloves currently unavailable)
MR       .....     NoTele   +   (boots currently unavailable)
Stlth    ++........             F - amulet of faith
HPRegen  0.28/turn              n - ring of magical power
MPRegen  0.16/turn              (no ring)

@: lethally poisoned (-4 -> -8), tree-form
A: (retaliatory headbutt), deterioration 1, frail 1, strong 1
a: no special abilities


You were on level 2 of the Lair of Beasts.
You were not hungry.
You were a tree.
You visited 3 branches of the dungeon, and saw 11 of its levels.

You collected 392 gold pieces.
You spent 255 gold pieces at shops.

Inventory:

Hand Weapons
 a - a +0 flail
 I - the +5 flail of Hauzeo (weapon) {drain, rN+ Str-3 Int+2 Stlth+}
   (You bought it in a shop on level 5 of the Dungeon)

   A truly terrible weapon, it drains the life of those it strikes.
   It affects your strength (-3).
   It affects your intelligence (+2).
   It protects you from negative energy.
   It makes you more stealthy.
Missiles
 B - 2 tomahawks of returning (quivered)
Armour
 b - a +0 scale mail
 c - a +0 shield (worn)
 h - a scarf of resistance
 y - the +1 pair of gloves of Eternity (melded) {+Blink rF++ Regen+ Int-4}
   (You found it on level 4 of the Dungeon)

   It affects your intelligence (-4).
   It greatly protects you from fire.
   It lets you blink.
   It increases your rate of regeneration.
 A - a +0 shield
 H - a +0 scale mail of magic resistance (melded)
 L - a +0 buckler
 O - a +0 cloak (melded)
Jewellery
 d - an uncursed ring of see invisible {unknown}
 n - a ring of magical power (left branch)
 F - an amulet of faith (around neck)
 J - an uncursed ring of positive energy
 N - an uncursed ring of resist corrosion
 P - a cursed ring of attention
Wands
 l - a wand of iceblast (12)
 z - a wand of random effects (26)
Scrolls
 g - a scroll of fear {unknown}
 i - 2 scrolls of magic mapping {unknown}
 j - 4 scrolls of noise {unknown}
 k - 2 scrolls of immolation {unknown}
 o - a scroll of amnesia {unknown}
 p - 4 scrolls of enchant armour {unknown}
 r - 5 scrolls of teleportation {unknown}
 t - 6 scrolls of identify
 u - 2 scrolls of blinking {unknown}
 v - 3 scrolls of fog {unknown}
 w - 3 scrolls of remove curse {unknown}
 G - a scroll of vulnerability {unknown}
 M - a scroll of holy word {unknown}
Potions
 q - 2 potions of lignification
 s - 3 potions of curing {unknown}
 x - a potion of haste {unknown}
 C - a potion of agility {unknown}
 D - 2 potions of flight {unknown}
 E - a potion of brilliance {unknown}
 K - a potion of berserk rage {unknown}
Comestibles
 f - 12 rations


   Skills:
 - Level 4.1 Fighting
 - Level 12.7 Maces & Flails
 - Level 4.1 Armour
 + Level 15.1 Shields


You had 10 spell levels left.
You didn't know any spells.
Your spell library contained the following spells:

 Spells                   Type           Power        Failure   Level  Hunger
 Animate Skeleton         Necr           N/A          43%         1    ##.....
 Apportation              Tloc           #.....       43%         1    ##.....
 Confusing Touch          Hex            #.....       43%         1    ##.....
 Shock                    Conj/Air       #...         43%         1    ##.....
 Summon Small Mammal      Summ           #...         43%         1    ##.....
 Swiftness                Chrm/Air       #.......     56%         2    ###....
 Static Discharge         Conj/Air       #.......     80%         3    ####...
 Airstrike                Air            #.........   99%         4    #####..
 Lightning Bolt           Conj/Air       #.........   100%        5    ######.


Dungeon Overview and Level Annotations

Branches:
Dungeon (8/15)             Temple (0/1) D:5            Lair (2/6) D:8
 Spider (1/4) Lair:2
  Swamp: Lair:2-4    Shoals: Lair:2-4

Altars:
Dithmenos
Elyvilon
Fedhas
Hepliaklqana
Sif Muna
Vehumet
Yredelemnul
Zin
The Shining One

Shops:
D:4 [   D:5 *   D:7 (


Innate Abilities, Weirdness & Mutations

((You reflexively headbutt those who attack you in melee.))
((You have a pair of horns on your head.))
Your body sometimes deteriorates upon taking damage.
You are frail. (-10% HP)
((You are covered in fur. (AC +1)))
Your muscles are strong. (Str +2)


Message History

The demonic crawler hits you but does no damage.
You hit the demonic crawler but do no damage.
* * * LOW HITPOINT WARNING * * *
You feel sick.
The demonic crawler hits you but does no damage.
You block the demonic crawler's attack. x2
You hit the demonic crawler.
The demonic crawler is lightly wounded.
* * * LOW HITPOINT WARNING * * *
You feel sick.
You block the demonic crawler's attack. x3
You hit the demonic crawler.
The demonic crawler is lightly wounded.
* * * LOW HITPOINT WARNING * * *
You feel sick.
You block the demonic crawler's attack. x2
The demonic crawler hits you but does no damage.
You hit the demonic crawler.
The demonic crawler is lightly wounded.
* * * LOW HITPOINT WARNING * * *
You feel sick. The demonic crawler hits you.
You die...

...... .......#
PP..#.. ###
...... ..##
....##...# #
####.##♣# .#
.#.#.....s#..#
....#....##..##
.......>.......#
#...#
....##...#....##
#....
...##.#†..##..#
.....
....##..####..#
....
.....#...##...#
...
..............#


You could see a demonic crawler.

Vanquished Creatures
  A hydra (Lair:2)
  2 two-headed ogres (D:8)
  An ugly thing (D:8)
  2 spiny frogs
  A hornet (Lair:2)
  2 hippogriffs
  A tarantella (Lair:2)
  3 redbacks (Lair:2)
  Menkaure (D:5)
  A water moccasin (Lair:1)
  5 porcupines
  A sky beast (D:7)
  3 ice beasts
  An orc warrior (D:5)
  3 black bears (D:8)
  6 ogres
  6 centaurs
  3 crocodiles
  4 bullfrogs
  4 scorpions
  2 crimson imps
  A bullfrog zombie (D:5)
  3 orc priests
  4 hounds
  2 jellies
  7 orc wizards
  5 worker ants
  A hound skeleton (D:8)
  9 adders
  A shadow imp (D:7)
  An ooze (D:1)
  An adder zombie (D:8)
  5 worms
  3 dart slugs
  4 leopard geckos
  23 orcs
  8 giant cockroaches
  5 goblins
  9 hobgoblins
  11 jackals
  2 quokkas (D:3)
  2 ball pythons
  10 bats
  5 frilled lizards
  A jackal zombie (D:8)
  2 kobolds
  A leopard gecko skeleton (D:4)
  2 quokka skeletons
  13 rats
  A fungus (D:8)
195 creatures vanquished.

Vanquished Creatures (others)
  6 fungi (D:8)
6 creatures vanquished.

Grand Total: 201 creatures vanquished

Notes
Turn   | Place    | Note
-------+----------+-------------------------------------------
     0 | D:1      | DapperDogman the Minotaur Fighter began the quest for the
                  | Orb.
     0 | D:1      | Reached XP level 1. HP: 19/19 MP: 0/0
   121 | D:1      | Reached XP level 2. HP: 26/27 MP: 1/1
   159 | D:1      | Reached skill level 4 in Shields
   432 | D:1      | Reached XP level 3. HP: 33/33 MP: 2/2
   763 | D:2      | Found a white marble altar of Elyvilon.
   962 | D:3      | Noticed an ogre
   970 | D:3      | Killed an ogre
   970 | D:3      | Reached skill level 5 in Maces & Flails
   970 | D:3      | Reached XP level 4. HP: 6/40 MP: 3/3
   970 | D:3      | Reached XP level 5. HP: 7/46 MP: 4/4
  1798 | D:4      | Reached XP level 6. HP: 17/52 MP: 5/5
  1826 | D:4      | Found a shadowy altar of Dithmenos.
  1862 | D:4      | Got a pair of faintly glowing gloves
  1868 | D:4      | Identified the +1 pair of gloves of Eternity {+Blink rF++
                  | Regen+ Int-4} (You found it on level 4 of the Dungeon)
  1998 | D:4      | Found Posief's Armour Emporium.
  2090 | D:4      | Reached XP level 7. HP: 58/59 MP: 6/6
  2390 | D:5      | Entered Level 5 of the Dungeon
  2473 | D:5      | Found a white marble altar of Elyvilon.
  2594 | D:5      | Found a basalt altar of Yredelemnul.
  2655 | D:5      | Found Fefadase's Assorted Antiques.
  2719 | D:5      | Noticed Menkaure
  2727 | D:5      | Killed Menkaure
  2727 | D:5      | Reached skill level 10 in Maces & Flails
  2747 | D:5      | Found a staircase to the Ecumenical Temple.
  2762 | D:5      | Reached XP level 8. HP: 63/66 MP: 7/7
  2850 | D:5      | Found a glowing silver altar of Zin.
  3474 | D:6      | Found a faded altar of an unknown god.
  3474 | D:6      | Found a deep blue altar of Sif Muna.
  3479 | D:6      | Found a radiant altar of Vehumet.
  3481 | D:6      | Found a hazy altar of Hepliaklqana.
  3482 | D:6      | Found a faded altar of an unknown god.
  3527 | D:6      | Found a blossoming altar of Fedhas.
  4001 | D:7      | Noticed a hippogriff
  4015 | D:7      | Killed a hippogriff
  4143 | D:5      | Bought a translucent flail for 255 gold pieces
  4143 | D:5      | Identified the +5 flail of Hauzeo {drain, rN+ Str-3 Int+2
                  | Stlth+} (You bought it in a shop on level 5 of the Dungeon)
  4279 | D:7      | Found Humixton's Antique Weapon Boutique.
  4333 | D:7      | Reached skill level 5 in Shields
  4357 | D:7      | Reached XP level 9. HP: 70/71 MP: 8/8
  4499 | D:7      | Reached skill level 6 in Shields
  4631 | D:7      | Reached skill level 7 in Shields
  4654 | D:7      | Found a glowing golden altar of the Shining One.
  4936 | D:8      | Reached skill level 8 in Shields
  5010 | D:8      | Reached skill level 9 in Shields
  5054 | D:8      | Noticed a two-headed ogre
  5060 | D:8      | Killed a two-headed ogre
  5060 | D:8      | Reached skill level 11 in Shields
  5138 | D:8      | Found a staircase to the Lair.
  5138 | D:8      | Noticed a red ugly thing
  5147 | D:8      | Noticed a two-headed ogre
  5162 | D:8      | Reached XP level 10. HP: 41/78 MP: 9/9
  5168 | D:8      | Killed a two-headed ogre
  5168 | D:8      | Reached skill level 12 in Shields
  5182 | D:8      | Killed a red ugly thing
  5315 | D:8      | Reached skill level 13 in Shields
  5325 | Lair:1   | Entered Level 1 of the Lair of Beasts
  5474 | Lair:1   | Noticed a spiny frog
  5478 | Lair:1   | Killed a spiny frog
  5511 | Lair:1   | Found a frozen archway.
  6096 | Lair:2   | Gained mutation: You are weak. (Str -2) [potion of
                  | mutation]
  6096 | Lair:2   | Gained mutation: Your spells are a little easier to cast,
                  | but a little less powerful. [potion of mutation]
  6096 | Lair:2   | Gained mutation: You are covered in fur. (AC +1) [potion of
                  | mutation]
  6097 | Lair:2   | Lost mutation: Your spells are a little easier to cast, but
                  | a little less powerful. [potion of mutation]
  6097 | Lair:2   | Lost mutation: You are weak. (Str -2) [potion of mutation]
  6097 | Lair:2   | Gained mutation: Your body sometimes deteriorates upon
                  | taking damage. [potion of mutation]
  6097 | Lair:2   | Gained mutation: You are frail. (-10% HP) [potion of
                  | mutation]
  6097 | Lair:2   | Gained mutation: Your muscles are strong. (Str +2) [potion
                  | of mutation]
  6119 | Lair:2   | Noticed a spiny frog
  6119 | Lair:2   | Noticed a seven-headed hydra
  6133 | Lair:2   | Killed a spiny frog
  6136 | Lair:2   | Killed a seven-headed hydra
  6136 | Lair:2   | Reached skill level 14 in Shields
  6362 | Lair:2   | Found a hole to the Spider Nest.
  6387 | Spider:1 | Entered Level 1 of the Spider Nest
  6387 | Spider:1 | Noticed an orb spider
  6387 | Spider:1 | Noticed a wolf spider
  6388 | Spider:1 | Noticed a wolf spider
  6403 | Lair:2   | HP: 3/70 [poisoned by a redback]
  6410 | Lair:2   | Reached skill level 15 in Shields
  6410 | Lair:2   | Reached XP level 11. HP: 12/75 MP: 10/10
  6416 | Lair:2   | HP: 5/112 [poisoned by a redback]
  6421 | Lair:2   | HP: 2/112 [poisoned by a redback]
  6422 | Lair:2   | Slain by a demonic crawler

Vault maps used:
D:1:      saegor_arrival_under_anarchy, minmay_misc_feat_roman
D:2:      kennysheep_crisscross, elyvilon_altar_4
D:3:      kennysheep_generic_room_2
D:4:      grunt_dithmenos_smoke_and_mirrors, serial_shops, shop, hex_large
D:5:      kennysheep_ying_yang, zin_statuary, minmay_temple_entry_junction,
          serial_shops, nicolae_shop_temple_entry_statues_fountains,
          first_ration, uniq_menkaure
D:6:      fedhas_altar_4, chequers_temple_overflow_minitemple
D:7:      lemuel_crystal_altar, serial_shops, nicolae_shop_window_shopping
D:8:      due_lair_maze_entry_diamond, minmay_guarded_unrand_finisher
Lair:1:   portal_ice_cave_entry_pillars_1, st_stairs_4
Lair:2:   cheibrodos_lair_overgrown_chateau, nicolae_spider_entry_non_spiders,
          special_room, beast_lair_carwin_1

Skill      XL: |  1  2  3  4  5  6  7  8  9 10 |
---------------+-------------------------------+-----
Fighting       | 4 |  4.1
Shields        | 4 5 11 15 | 15.1
Armour         | 4 |  4.1
Maces & Flails | 5 6 8 10 12 | 12.7

Action                   |  1- 3 |  4- 6 |  7- 9 | 10-12 || total
-------------------------+-------+-------+-------+-------++-------
Melee: Flail             |   103 |   106 |   230 |   108 ||   547
       Headbutt          |    19 |    16 |    38 |    21 ||    94
  Use: Potion            |       |       |       |     8 ||     8
       Scroll            |       |       |       |     3 ||     3
  Eat: Chunk             |       |     4 |       |       ||     4
       Ration            |       |       |     3 |     2 ||     5
Armor: Scale mail        |    60 |    50 |    67 |    17 ||   194
       Skin              |       |       |       |     7 ||     7
Dodge: Dodged            |    45 |    32 |    64 |    26 ||   167
Block: Shield            |    57 |    59 |   111 |    59 ||   286

Table legend:
 A = Non-vault XP
 B = Vault XP
 C = Vault XP percentage of total XP
 D = Non-vault monster count
 E = Vault monster count
 F = Vault count percentage of total count
                 A         B        C        D         E       F
            +---------+---------+-------+---------+---------+-------
      Total |    9771 |    1828 |  15.8 |     173 |      21 |  10.8
            +---------+---------+-------+---------+---------+-------
        D:1 |      50 |       0 |   0.0 |      30 |       0 |   0.0
        D:2 |      27 |       0 |   0.0 |      10 |       0 |   0.0
        D:3 |     199 |       3 |   1.5 |      31 |       2 |   6.1
        D:4 |     497 |       0 |   0.0 |      23 |       0 |   0.0
        D:5 |     778 |     165 |  17.5 |      21 |       1 |   4.5
        D:6 |     234 |       0 |   0.0 |      11 |       0 |   0.0
        D:7 |    1424 |       0 |   0.0 |      20 |       0 |   0.0
        D:8 |    3226 |    1077 |  25.0 |      16 |       9 |  36.0
     Lair:1 |     809 |     105 |  11.5 |       3 |       1 |  25.0
     Lair:2 |    2527 |     478 |  15.9 |       8 |       8 |  50.0
            +---------+---------+-------+---------+---------+-------
